 Dungeon Crawl Stone Soup version 0.21.1-1-g345015f (webtiles) character file.

333 Fang the Chopper (level 6, -3/58 HPs)
             Began as a Gargoyle Berserker on May 25, 2018.
             Was a Priest of Trog.
             Slain by a mummy (14 damage)
             ... in an ossuary.
             The game lasted 00:03:07 (3446 turns).

Fang the Chopper (Gargoyle Berserker)               Turns: 3446, Time: 00:03:07

Health: -3/58      AC:  6    Str: 27    XL:     6   Next: 53%
Magic:  6/6        EV: 12    Int:  8    God:    Trog [***...]
Gold:   129        SH:  0    Dex:  9    Spells: 5/5 levels left

rFire    . . .     SeeInvis .   a - +0 hand axe
rCold    . . .     Gourm    .   (no shield)
rNeg     + . .     Faith    .   b - +0 animal skin
rPois    ∞         Spirit   .   (no helmet)
rElec    +         Reflect  .   (no cloak)
rCorr    .         Harm     .   (no gloves)
MR       .....                  (no boots)
Stlth    ..........             (no amulet)
HPRegen  0.19/turn              (no ring)
MPRegen  0.10/turn              (no ring)

@: berserking, very quick
A: negative energy resistance 1, electricity resistance, unbreathing,
petrification resistance, rot immunity, AC +4
a: Berserk, Trog's Hand, Burn Spellbooks, Renounce Religion


You were in an ossuary.
You worshipped Trog.
Trog was most pleased with you.
You were near starving.

You visited 1 branch of the dungeon, and saw 4 of its levels.
You also visited: Ossuary.

You collected 129 gold pieces.

Inventory:

Hand Weapons
 a - a +0 hand axe (weapon)
Missiles
 n - 10 javelins (quivered)
Armour
 b - a +0 animal skin (worn)
Wands
 l - a wand of iceblast (8)
 s - a wand of flame (29)
 t - a wand of scattershot (7)
 u - a wand of polymorph (14)
Scrolls
 e - a scroll of noise {unknown}
 g - 2 scrolls of immolation {unknown}
 h - 6 scrolls of identify {unknown}
 j - 2 scrolls of random uselessness {unknown}
 o - 2 scrolls of remove curse {unknown}
 p - a scroll of enchant weapon {unknown}
 r - 2 scrolls of enchant armour {unknown}
Potions
 d - 2 potions of mutation {unknown}
 f - a potion of flight {unknown}
 i - 2 potions of cancellation {unknown}
 k - a potion of brilliance {unknown}
 m - a potion of lignification {unknown}
 q - a potion of curing {unknown}
Comestibles
 c - 8 rations


   Skills:
 + Level 4.6 Fighting
 + Level 4.8 Axes
 + Level 2.3 Armour
 + Level 2.7 Dodging
 + Level 2.1 Stealth


You had 5 spell levels left.
You didn't know any spells.

Dungeon Overview and Level Annotations

Branches:
Dungeon (4/15)             Temple (0/1) D:4

Altars:
Ashenzari


Innate Abilities, Weirdness & Mutations

You are resistant to torment.
Your stone body is resilient. (AC +4)
You are immune to poison.
You resist negative energy. (rN+)
You are resistant to electric shocks. (rElec)
You can survive without breathing.
You are immune to petrification.
You are immune to rotting.


Message History

You barely miss the elf zombie. You hit the human zombie.
You closely miss the elf zombie. The elf zombie misses you.
The centaur zombie hits you but does no damage.
Unknown command.
You slash the centaur zombie!
The centaur zombie is almost destroyed.
You closely miss the elf zombie. You slash the mummy!
You closely miss the human zombie. You closely miss the elf zombie.
The elf zombie hits you.
* * * LOW HITPOINT WARNING * * *
The human zombie hits you.
* * * LOW HITPOINT WARNING * * *
The elf zombie closely misses you.
The centaur zombie hits you but does no damage.
You slash the centaur zombie!
You destroy the centaur zombie!
Trog accepts your kill.
You hit the elf zombie. You barely miss the human zombie. You hit the mummy.
You hit the elf zombie. The mummy hits you!
You die...

### ###.###
##.....##
#.......#
#.......#
#.ZMZ...#
#Z@...#
###.### #'#
###.###
##.....##
#.......#
##...∩...##
+...∩∩∩...+
##...∩...##


You could see a mummy, 2 elf zombies and a human zombie.

Vanquished Creatures
  A scorpion (D:4)
  A centaur zombie (Ossuary)
  A hound (D:4)
  An orc priest (D:3)
  A worker ant (D:4)
  7 adders
  An ooze (D:2)
  A worm zombie (D:4)
  A worm (D:2)
  A dart slug (D:1)
  10 orcs (D:3)
  6 bats
  5 giant cockroaches (D:3)
  9 goblins
  6 hobgoblins
  3 jackals (D:3)
  2 quokkas
  4 ball pythons
  6 frilled lizards
  A hobgoblin zombie (D:4)
  14 kobolds
  8 rats
  A rat zombie (D:4)
91 creatures vanquished.

Notes
Turn   | Place    | Note
-------+----------+-------------------------------------------
     0 | D:1      | Fang the Gargoyle Berserker began the quest for the Orb.
     0 | D:1      | Reached XP level 1. HP: 14/14 MP: 1/1
    63 | D:1      | Reached XP level 2. HP: 10/19 MP: 2/2
   794 | D:2      | Reached XP level 3. HP: 23/23 MP: 3/3
  1088 | D:2      | Reached skill level 1 in Stealth
  1099 | D:2      | Reached ** piety under Trog
  1201 | D:2      | Found a shattered altar of Ashenzari.
  1485 | D:2      | Reached XP level 4. HP: 27/29 MP: 4/4
  2178 | D:3      | Reached XP level 5. HP: 20/33 MP: 5/5
  2749 | D:3      | Reached *** piety under Trog
  3069 | D:4      | Reached XP level 6. HP: 36/39 MP: 6/6
  3276 | D:4      | Found a staircase to the Ecumenical Temple.
  3280 | D:4      | Found a sand-covered staircase.
  3307 | Ossuary  | Entered an ossuary
  3446 | Ossuary  | Slain by a mummy

Skill      XL: |  1  2  3  4  5 |
---------------+----------------+-----
Axes           | 3 4 |  4.8
Stealth        | 1 2 |  2.1
Fighting       | 4 |  4.6
Dodging        | 2 |  2.7
Armour         | |  2.3

Action                   |  1- 3 |  4- 6 || total
-------------------------+-------+-------++-------
Melee: Hand axe          |   127 |   214 ||   341
Invok: Berserk           |     1 |     3 ||     4
 Stab: Sleeping          |       |     2 ||     2
  Eat: Chunk             |     2 |     5 ||     7
       Ration            |       |     1 ||     1
Armor: Animal skin       |    40 |    67 ||   107
Dodge: Dodged            |    91 |   150 ||   241
